 Dungeon Crawl Stone Soup version 0.28-a0-476-g0f06bd746f (webtiles) character file.

Game seed: 8668595335644817201

72666 robertstho the Eclecticist (level 15, -14/106 HPs)
             Began as a Djinni Fire Elementalist on Sept 15, 2021.
             Was an Initiate of Gozag.
             Shot with a bolt by Saint Roka (42 damage)
             ... on level 2 of the Orcish Mines on Sept 16, 2021.
             The game lasted 00:48:05 (17634 turns).

robertstho the Eclecticist (DjFE)                  Turns: 17634, Time: 00:48:06

Health: -14/106    AC:  5    Str:  7    XL:     15   Next: 87%
Gold:   6251       EV: 20    Int: 24    God:    Gozag SH: 11 Dex: 17

rFire   + + .      SeeInvis .   B - +10 whip of Traps {flame, Drain rC+ rN+ Int+2}
rCold   + + .      Faith    .   P - +2 kite shield {reflect}
rNeg    + + .      Spirit   .   L - +2 robe {rC+}
rPois   ∞          Reflect  +   J - +0 hat of the Heron {rN+ Dex+2}
rElec   .          Harm     .   u - scarf {repulsion}
rCorr   .          Rampage  .   f - +0 pair of gloves
Will    +....                   (boots unavailable)
Stlth   +++.......              e - amulet of regeneration
HPRegen 1.27/turn               c - ring of protection from cold
MPRegen 0.00/turn               l - ring of the Hare {EV+8}

@: gold aura, flying, repel missiles
A: sickness immunity, fire resistance 2, cold vulnerability 1, float, innate
caster, hp casting, extra vitality 1
a: Renounce Religion, Potion Petition, Call Merchant, Bribe Branch


You were on level 2 of the Orcish Mines.
You worshipped Gozag.
Gozag was greatly pleased with you.
You visited 4 branches of the dungeon, and saw 20 of its levels.
You also visited: Ossuary and Ice Cave.

You collected 6826 gold pieces.
You spent 519 gold pieces at shops.
You paid 56 gold pieces to Gozag.

Inventory:

Hand Weapons
 B - the +10 whip of Traps (weapon) {flame, Drain rC+ rN+ Int+2}
   (You found it on level 6 of the Dungeon)

   It burns those it strikes, dealing additional fire damage.
   Int:       It affects your intelligence (+2).
   rC:        It protects you from cold.
   rN:        It protects you from negative energy.
   Drain:     It drains your maximum health when unequipped.
Missiles
 R - a throwing net
Armour
 f - a +0 pair of gloves (worn)
 h - a scarf of resistance
 k - a +0 buckler
 u - a scarf of repulsion (worn)
 J - the +0 hat of the Heron (worn) {rN+ Dex+2}
   (You acquired it on level 10 of the Dungeon)

   Dex:       It affects your dexterity (+2).
   rN:        It protects you from negative energy.
 L - a +2 robe of cold resistance (worn)
 P - a +2 kite shield of reflection (worn)
Jewellery
 c - a ring of protection from cold (left hand)
 e - an amulet of regeneration (around neck)
 l - the ring of the Hare (right hand) {EV+8}
   (You acquired it on level 4 of the Dungeon)

   [ring of evasion]

   EV:        It affects your evasion (+8).
 K - a ring of ice
 U - a ring of protection from cold
Wands
 a - a wand of flame (18)
 o - a wand of acid (11)
 v - a wand of iceblast (23)
 D - a wand of paralysis (8)
 E - a wand of digging (6)
 G - a wand of polymorph (16)
 I - a wand of charming (9)
Scrolls
 d - 2 scrolls of silence
 i - 2 scrolls of magic mapping
 p - 7 scrolls of teleportation
 q - 2 scrolls of fear
 w - 2 scrolls of vulnerability
 x - 3 scrolls of enchant armour
 y - a scroll of blinking
 z - 2 scrolls of holy word
 C - 2 scrolls of enchant weapon
 H - a scroll of fog
 Q - a scroll of summoning
 S - a scroll of immolation
Potions
 b - a potion of heal wounds
 g - 5 potions of attraction
 j - 2 potions of haste
 m - 2 potions of resistance {unknown}
 n - 2 potions of lignification {unknown}
 r - a potion of brilliance
 s - 8 potions of curing
 M - a potion of mutation {unknown}
 N - a potion of invisibility
 O - a potion of berserk rage
Miscellaneous
 t - a lightning rod (4/4)
 A - a phantom mirror
 F - a box of beasts


   Skills:
 * Level 9.4 Fighting
 + Level 0.4 Short Blades
 + Level 1.4 Maces & Flails
 + Level 4.6 Dodging
 + Level 4.4 Stealth
 + Level 3.1 Shields
 * Level 17.8 Spellcasting


You had 10 spell levels left.
You knew the following spells:

 Your Spells              Type           Power      Damage    Failure   Level
a - Foxfire               Conj/Fire      100%       2x1d9     0%          1
b - Scorch                Fire           100%       2d10      0%          2
c - Conjure Flame         Conj/Fire      82%        6-21      1%          3
d - Inner Flame           Hex/Fire       82%        N/A       1%          3
e - Flame Wave            Conj/Fire      82%        3d14      1%          4
f - Shock                 Conj/Air       100%       1d9       0%          1
g - Blink                 Tloc           N/A        N/A       0%          2
h - Ignite Poison         Fire/Tmut/Pois 82%        N/A       1%          3
i - Summon Lightning Spi  Summ/Air       82%        N/A       1%          4
j - Fireball              Conj/Fire      41%        3d17      1%          5
k - Summon Mana Viper     Hex/Summ       82%        N/A       1%          5
l - Invisibility          Hex            41%        N/A       1%          6
Your spell library was empty.

Dungeon Overview and Level Annotations

Branches:
Dungeon (11/15)            Temple (1/1) D:5            Lair (6/6) D:9
 Shoals (0/4) Lair:4        Snake (0/4) Lair:2        Slime (0/5) Lair:6
    Orc (2/2) D:11            Elf (0/3) Orc:2       Ossuary (visited)
  IceCv (visited)

Altars:
Ashenzari
Cheibriados
Dithmenos
Elyvilon
Fedhas
Gozag
Hepliaklqana
Kikubaaqudgha
Makhleb
Nemelex Xobeh
Okawaru
Qazlal
Ru
Sif Muna
Trog
Uskayaw
Vehumet
Wu Jian
Xom
Yredelemnul
Zin
The Shining One
Jiyva

Shops:
D:4 ?   D:7 *

Annotations:
D:7 1 runed translucent door, jejorda2's ghost, journeyman TeMo
D:10 2 transporters, Econoterrorist's ghost, journeyman MiFi
Orc:2 Saint Roka


Innate Abilities, Weirdness & Mutations

You are immune to sickness and miasma.
You are immune to poison.
Your flesh is very heat resistant. (rF++)
You are vulnerable to cold. (rC-)
You float through the air rather than walking.
You learn spells naturally, not from books.
Your magical power is your life essence.
You have superior vitality. (+4 HP)


Message History

Casting: Fireball (mildly dangerous; 1% risk of failure)
Confirm with . or Enter, or press ? or * to list all spells.
Aiming: Fireball (mildly dangerous; 1% risk of failure)
Press: ? - help, Shift-Dir - straight line, f - Saint Roka
Aim: Saint Roka, wielding a +2 war axe of electrocution, wearing a +2 plate armour of positive energy and quivering bolts (heavily wounded, strong, ally target)
The fireball explodes!
The fireball engulfs Saint Roka!!
Saint Roka is severely wounded.
You feel a bit more experienced.
You hear a shout!
Saint Roka roars a battlecry!
Your lightning spire shoots out a bolt of lightning at Saint Roka!
The bolt of electricity hits Saint Roka!
Casting: Fireball (mildly dangerous; 1% risk of failure)
Confirm with . or Enter, or press ? or * to list all spells.
Aiming: Fireball (mildly dangerous; 1% risk of failure)
Press: ? - help, Shift-Dir - straight line, f/p - Saint Roka
Aim: Saint Roka, wielding a +2 war axe of electrocution, wearing a +2 plate armour of positive energy and quivering bolts (severely wounded, strong, ally target)
The fireball explodes!
The fireball engulfs Saint Roka.
Saint Roka is almost dead.
The fireball engulfs the orc warrior!!
You kill the orc warrior!
You hear a shout!
Saint Roka no longer looks unusually strong.
Saint Roka invokes the aid of Beogh against you.
Beogh smites you!
Your lightning spire shoots out a bolt of lightning at Saint Roka!
The bolt of electricity hits Saint Roka!!
Casting: Fireball (mildly dangerous; 1% risk of failure)
Confirm with . or Enter, or press ? or * to list all spells.
Aiming: Fireball (mildly dangerous; 1% risk of failure)
Press: ? - help, Shift-Dir - straight line, f/p - Saint Roka
Aim: Saint Roka, wielding a +2 war axe of electrocution, wearing a +2 plate armour of positive energy and quivering bolts (almost dead, ally target)
The fireball explodes!
The fireball engulfs Saint Roka!
Saint Roka is almost dead.
* * * LOW HITPOINT WARNING * * *
Saint Roka unwields a +2 war axe of electrocution.
It stops crackling.
Saint Roka wields a +0 arbalest.
Saint Roka shoots a bolt.
The bolt hits you!!!
You die...
Your body crumbles into a pile of gold. .#..........## ooo....

.#...........# .oo....
..#..........# $....#
...#........# o.$..#
............# ###8$$$8#
............# ##.#.o...#
>.).........####..#$.^..#.
.......)).........$.......
........).......@.........
..#...).....)..#.#.8#.....
...)......#...###........#
#............## #..#....#
##.##..#....#.## #...#....
###...#.......####...##.#
#...#.........# #.##
##...#..#....## ##
##.##.8.....#


You could see Saint Roka (ally target) and a friendly lightning spire
(summoned).

Vanquished Creatures
  An ettin (Orc:2)
  Fannar (Lair:1)
  7 hydras
  3 two-headed ogres
  11 death yaks
  An orc high priest (Orc:2)
  A necromancer (IceCv)
  Pikel (D:7)
  An orc knight (Orc:1)
  A manticore (D:11)
  An orc sorcerer (Orc:2)
  4 elephants (Lair:4)
  9 black mambas
  A torpor snail (Lair:3)
  A molten gargoyle (Lair:6)
  2 ice statues (IceCv)
  2 rime drakes
  An unseen horror (D:11)
  An anaconda simulacrum (IceCv)
  8 cane toads
  An entropy weaver simulacrum (IceCv)
  A freezing wraith (IceCv)
  2 kobold demonologists
  6 komodo dragons
  2 trolls (Orc:2)
  3 ice devils (IceCv)
  A polar bear (Lair:2)
  Prince Ribbit (D:5)
  6 dream sheep (Lair:2)
  9 blink frogs
  A shadow (D:11)
  9 wyverns
  35 yaks
  4 dire elephant simulacra (IceCv)
  2 steam dragons
  2 basilisks (Lair:4)
  2 harpy simulacra (IceCv)
  3 wargs
  Menkaure (D:6)
  An acid dragon (D:10)
  17 water moccasins
  A hell hound (Lair:6)
  2 ice beasts
  3 black bears
  16 orc warriors
  4 ogres
  5 necrophages
  3 centaurs
  32 wolves
  3 lemures (D:7)
  2 kobold brigands
  16 bullfrogs
  5 scorpions
  A cane toad simulacrum (IceCv)
  A wyvern zombie (D:8)
  2 two-headed ogre simulacra (IceCv)
  11 killer bees
  4 wights (D:7)
  A howler monkey (D:8)
  3 electric eels (Lair:4)
  A bullfrog zombie (D:5)
  A lava snake (Lair:6)
  2 human zombies (Ossuary)
  2 centaur zombies
  2 hounds
  12 orc priests
  A bullfrog skeleton (D:6)
  Natasha (thrice) (D:3)
  5 iguanas
  14 orc wizards
  2 wolf simulacra (IceCv)
  2 hound skeletons (D:5)
  3 mummies
  4 gnolls (Orc:1)
  10 adders
  A shadow imp (D:6)
  A white imp (IceCv)
  An ufetubus (D:6)
  An adder skeleton (D:4)
  3 adder zombies (Ossuary)
  3 worms
  A dart slug (D:4)
  45 orcs
  5 bats
  7 endoplasms
  4 giant cockroaches
  10 goblins
  8 hobgoblins
  30 kobolds
  2 quokkas (D:1)
  5 ball pythons
  4 frilled lizards
  2 goblin zombies (Ossuary)
  5 hobgoblin zombies (Ossuary)
  2 jackal zombies (Ossuary)
  13 kobold zombies
  11 orc zombies (Ossuary)
  4 rats
  A rat zombie (Ossuary)
  A bush (D:9)
516 creatures vanquished.

Vanquished Creatures (collateral kills)
  A fire dragon (Lair:6)
  A hydra (Lair:3)
  Harold (D:8)
  8 death yaks
  A fire crab (Lair:6)
  A bog body (IceCv)
  An oklob plant (Lair:5)
  2 orc knights (Orc:2)
  A black mamba (Lair:3)
  An elephant (Lair:4)
  2 centaur zombies (D:10)
  2 molten gargoyles (Lair:6)
  A kobold demonologist (D:9)
  An ice devil (IceCv)
  6 komodo dragons
  An anaconda simulacrum (IceCv)
  4 blink frogs
  A dire elephant simulacrum (IceCv)
  17 yaks
  2 wyverns
  A steam dragon (D:8)
  A death yak simulacrum (IceCv)
  3 water moccasins (D:9)
  3 orc warriors
  3 hell hounds (Lair:6)
  A necrophage (Lair:4)
  2 kobold brigands (D:9)
  A bullfrog (Lair:4)
  4 killer bees
  A crimson imp (D:9)
  4 lava snakes (Lair:6)
  4 orc priests (Orc:2)
  6 orcs (Orc:2)
  6 kobolds (D:9)
  8 foxfires
103 creatures vanquished.

Vanquished Creatures (others)
  A bush (D:9)
  935 foxfires
  27 fungi
  45 plants
1008 creatures vanquished.

Grand Total: 1627 creatures vanquished

Notes
Turn   | Place    | Note
-------+----------+-------------------------------------------
     0 | D:1      | robertstho the Djinni Fire Elementalist began the quest for
                  | the Orb.
     0 | D:1      | Reached XP level 1. HP: 15/15 MP: 0/0
   398 | D:1      | Reached XP level 2. HP: 19/21 MP: 0/0
  1045 | D:1      | Found a faded altar of an unknown god.
  1274 | D:1      | Reached skill level 3 in Spellcasting
  1408 | D:1      | Reached XP level 3. HP: 22/26 MP: 0/0
  1408 | D:1      | Learned a level 1 spell: Shock
  2121 | D:2      | Reached XP level 4. HP: 22/31 MP: 0/0
  2400 | D:2      | Reached skill level 1 in Fighting
  2721 | D:3      | Noticed Natasha
  2729 | D:3      | Killed Natasha
  2842 | D:3      | Noticed Natasha
  2848 | D:3      | Killed Natasha
  2849 | D:3      | Reached XP level 5. HP: 24/37 MP: 0/0
  2849 | D:3      | Learned a level 2 spell: Blink
  3235 | D:3      | Reached skill level 4 in Spellcasting
  3302 | D:3      | Noticed Natasha
  3308 | D:3      | Killed Natasha
  3822 | D:3      | Reached XP level 6. HP: 34/43 MP: 0/0
  4156 | D:3      | Found an iron altar of Okawaru.
  4682 | D:4      | Noticed an ogre
  4690 | D:4      | Killed an ogre
  4691 | D:4      | Reached skill level 5 in Spellcasting
  4857 | D:4      | Reached XP level 7. HP: 48/49 MP: 0/0
  4857 | D:4      | Learned a level 3 spell: Ignite Poison
  4874 | D:4      | Found Joycia's Magic Scroll Shoppe.
  4882 | D:4      | Bought a scroll of teleportation for 33 gold pieces
  4882 | D:4      | Bought a scroll of fear for 38 gold pieces
  4882 | D:4      | Bought a scroll of identify for 22 gold pieces
  4882 | D:4      | Identified 2 scrolls of acquirement
  4889 | D:4      | Acquired an amulet of regeneration
  4897 | D:4      | Acquired the ring of the Hare {EV+8}
  4897 | D:4      | Found the ring of the Hare {EV+8}
  5063 | D:4      | Found a glowing silver altar of Zin.
  5065 | D:4      | Found an opulent altar of Gozag.
  5306 | D:5      | Entered Level 5 of the Dungeon
  5774 | D:5      | Reached skill level 6 in Spellcasting
  5796 | D:5      | Reached XP level 8. HP: 55/55 MP: 0/0
  5916 | D:5      | Found a staircase to the Ecumenical Temple.
  5925 | Temple   | Entered the Ecumenical Temple
  6217 | D:5      | Noticed Prince Ribbit
  6222 | D:5      | Killed Prince Ribbit
  6223 | D:5      | Reached skill level 7 in Spellcasting
  6548 | D:4      | Found a snail-covered altar of Cheibriados.
  6548 | D:4      | Found a hazy altar of Hepliaklqana.
  6553 | D:4      | Became a worshipper of Gozag Ym Sagoz the Greedy
  6593 | D:6      | Found a sand-covered staircase.
  6609 | Ossuary  | Entered an ossuary
  6925 | D:6      | Reached XP level 9. HP: 61/61 MP: 0/0
  6925 | D:6      | Learned a level 4 spell: Summon Lightning Spire
  6961 | D:6      | Noticed Menkaure
  6967 | D:6      | Killed Menkaure
  6974 | D:6      | Identified the ring "Ocoukloim" {Will- MP+9 Str+5}
  7044 | D:6      | Reached skill level 8 in Spellcasting
  7249 | D:6      | Identified the +10 whip of Traps {flame, Drain rC+ rN+
                  | Int+2}
  7516 | D:4      | Bought a scroll of holy word for 82 gold pieces
  7516 | D:4      | Bought a scroll of identify for 22 gold pieces
  7516 | D:4      | Bought a scroll of magic mapping for 38 gold pieces
  7516 | D:4      | Bought a scroll of vulnerability for 82 gold pieces
  7516 | D:4      | Bought a scroll of enchant weapon for 82 gold pieces
  7603 | D:7      | Noticed Pikel
  7607 | D:7      | Killed Pikel
  7608 | D:7      | Reached skill level 1 in Shields
  7608 | D:7      | Reached skill level 9 in Spellcasting
  7644 | D:7      | Found Wyot's Neck Hole.
  7661 | D:7      | Bought a scarf of repulsion for 120 gold pieces
  7719 | D:7      | Reached XP level 10. HP: 69/69 MP: 0/0
  7766 | D:7      | Found a runed translucent door.
  7768 | D:7      | Noticed jejorda2's ghost (journeyman TeMo)
  7995 | D:8      | Reached skill level 10 in Spellcasting
  8091 | D:8      | Reached skill level 5 in Fighting
  8103 | D:8      | Found a flagged portal.
  8139 | D:8      | Noticed Harold
  8148 | D:8      | Killed Harold
  8513 | D:9      | Reached skill level 11 in Spellcasting
  8513 | D:9      | Reached XP level 11. HP: 69/76 MP: 0/0
  8513 | D:9      | Learned a level 5 spell: Fireball
  8535 | D:9      | Found a staircase to the Lair.
  8781 | D:9      | Reached skill level 12 in Spellcasting
  8868 | D:9      | Identified the +12 hand crossbow of Chaos {flame, Str+3
                  | Int+4 Stlth+}
  9145 | D:9      | Found a burning altar of Makhleb.
  9146 | D:9      | Found a shimmering altar of Xom.
  9401 | D:10     | Entered Level 10 of the Dungeon
  9610 | D:10     | Found a stormy altar of Qazlal.
  9664 | D:10     | Found a transporter.
  9669 | D:10     | Noticed a cyan ugly thing
  9669 | D:10     | Noticed Econoterrorist's ghost (journeyman MiFi)
  9770 | D:10     | Noticed a two-headed ogre
  9777 | D:10     | Killed a two-headed ogre
  9778 | D:10     | Reached XP level 12. HP: 83/83 MP: 0/0
  9832 | D:10     | Found a basalt altar of Yredelemnul.
  9913 | D:10     | Found a transporter.
 10113 | D:10     | Acquired the +0 hat of the Heron {rN+ Dex+2}
 10171 | Lair:1   | Entered Level 1 of the Lair of Beasts
 10208 | Lair:1   | Noticed an eight-headed hydra
 10212 | Lair:1   | Killed an eight-headed hydra
 10213 | Lair:1   | Reached skill level 13 in Spellcasting
 10217 | Lair:1   | Noticed Fannar
 10220 | Lair:1   | Killed Fannar
 10629 | Lair:1   | Noticed an eight-headed hydra
 10633 | Lair:1   | Killed an eight-headed hydra
 11305 | Lair:2   | Reached XP level 13. HP: 62/89 MP: 0/0
 11305 | Lair:2   | Learned a level 5 spell: Summon Mana Viper
 11312 | Lair:2   | Reached skill level 14 in Spellcasting
 11486 | Lair:2   | Found a staircase to the Snake Pit.
 12150 | Lair:3   | Noticed an eight-headed hydra
 12160 | Lair:3   | Killed an eight-headed hydra
 12234 | Lair:3   | Found a runed translucent door.
 12476 | Lair:3   | Noticed a four-headed hydra
 12491 | Lair:3   | Killed a four-headed hydra
 12579 | Lair:4   | Reached skill level 15 in Spellcasting
 12683 | Lair:4   | Noticed a five-headed hydra
 12690 | Lair:4   | Killed a five-headed hydra
 12832 | Lair:4   | Found a staircase to the Shoals.
 13444 | Lair:5   | Reached XP level 14. HP: 93/97 MP: 0/0
 13731 | Lair:5   | Reached skill level 16 in Spellcasting
 14461 | Lair:5   | Acquired 593 gold pieces
 14479 | Lair:6   | Entered Level 6 of the Lair of Beasts
 14568 | Lair:6   | Reached XP level 15. HP: 44/104 MP: 0/0
 14568 | Lair:6   | Learned a level 6 spell: Invisibility
 14634 | Lair:6   | Found a staircase to the Slime Pits.
 14636 | Lair:6   | Found a viscous altar of Jiyva.
 14975 | Lair:6   | Found a large runed translucent door.
 14980 | Lair:6   | Found a large runed translucent door.
 14995 | Lair:6   | Reached skill level 17 in Spellcasting
 15024 | Lair:6   | Reached skill level 1 in Maces & Flails
 15718 | D:11     | Found a frozen archway.
 15723 | IceCv    | Entered an ice cave
 15827 | IceCv    | Acquired a +2 kite shield of reflection
 16374 | D:11     | Upgraded the game from 0.28-a0-474-g535839065c to
                  | 0.28-a0-476-g0f06bd746f
 16564 | D:11     | Found a staircase to the Orcish Mines.
 16943 | Orc:1    | Entered Level 1 of the Orcish Mines
 17136 | Orc:2    | Entered Level 2 of the Orcish Mines
 17520 | Orc:2    | Found a staircase to the Elven Halls.
 17619 | Orc:2    | Noticed Saint Roka
 17634 | Orc:2    | Shot with a bolt by Saint Roka

Illustrated notes

Levels and vault maps discovered:
D:1:      lightli_arrival_isolated_outpost, layout_basic,
          chequers_ecumenical_altar_grove
D:2:      layout_rooms
D:3:      layout_basic, okawaru_ov_weapons_minmay, minmay_goblin_outpost,
          uniq_natasha
D:4:      layout_loops_ring, nicolae_overflow_hidden_temple, serial_shops, shop
D:5:      layout_loops_cross, nicolae_vehumet_altar_sigil, temple_green,
          serial_aquarium, aquarium_bridge_square [aquarium_subvault_bridge,
          aquarium_subvault_wall, aquarium_subvault_bridge,
          aquarium_subvault_window], aquarium_window_fake, aquarium_window_fake,
          aquarium_window_1, aquarium_window_fake, aquarium_view_2c,
          aquarium_balcony_3a, aquarium_pool_double, lemuel_flame_loot_1,
          uniq_prince_ribbit1
D:6:      layout_rooms, nicolae_ossuary_entry_giza, uniq_menkaure
D:7:      layout_basic, ebering_ghost_inner_flame,
          nicolae_shop_sticking_my_neck_out, uniq_pikel
D:8:      layout_rooms, enter_bailey_6, uniq_harold
D:9:      layout_long_grid, grunt_temple_overflow_champion_of_chaos,
          minmay_lair_entry_grove, chequers_serial_rivers_large_b
D:10:     layout_long_grid, lemuel_zombie_altar_yredelemnul,
          mainiacjoe_overflow_alcove_2, gammafunk_ghost_arena
D:11:     layout_roguey, david_orc_2, portal_ice_cave_entry_pillars_2
Temple:   minmay_temple_bridge_abc
Lair:1:   layout_regular_city, uniq_fannar
Lair:2:   layout_long_grid, minmay_snake_entry_six_corridors,
          grunt_megastairs_1, lemuel_fruit_tree
Lair:3:   layout_chaotic_city, pf_torpor_hydra
Lair:4:   layout_hall_layers, elwin_shoals_entry_rocks, roderic_carrion_pond,
          serial_bayou_shore_a, serial_bayou_shore_b, grunt_megastairs_3,
          infiniplex_staircase_pool_2
Lair:5:   layout_cave_pods
Lair:6:   cheibrodos_lair_end_hotspot, layout_big_grid, slime_altar_1
Orc:1:    layout_caves, basic_altar
Orc:2:    grunt_orc_cross, layout_caves, basic_altar, uniq_rupert

Skill      XL: |  1  2  3  4  5  6  7  8  9 10 11 12 13 14 15 |
---------------+----------------------------------------------+-----
Spellcasting   | 3 4 5 6 7 9 11 12 13 15 16 17 | 17.8
Fighting       | 1 2 3 4 5 6 7 8 9 |  9.4
Stealth        | 2 3 4 |  4.4
Shields        | 1 2 3 |  3.1
Dodging        | 3 4 |  4.6
Maces & Flails | 1 |  1.4
Short Blades   | |  0.4

Action                   |  1- 3 |  4- 6 |  7- 9 | 10-12 | 13-15 || total
-------------------------+-------+-------+-------+-------+-------++-------
Melee: Short sword       |     1 |       |       |       |       ||     1
       Dagger            |       |       |    11 |       |       ||    11
       Whip              |       |       |     2 |    10 |    13 ||    25
 Cast: Foxfire           |    24 |    96 |   202 |   202 |    28 ||   552
       Scorch            |    38 |    38 |    64 |    52 |    37 ||   229
       Flame Wave        |       |       |     7 |     5 |    19 ||    31
       Summon Lightning  |       |       |       |    21 |    48 ||    69
       Fireball          |       |       |       |    62 |   264 ||   326
       Summon Mana Viper |       |       |       |       |     3 ||     3
       Invisibility      |       |       |       |       |     1 ||     1
  Use: Scroll            |       |       |     9 |     4 |    11 ||    24
       Potion            |       |       |       |     1 |     2 ||     3
Armor: Robe              |     6 |     2 |     5 |    10 |     6 ||    29
Dodge: Dodged            |     7 |     3 |    52 |    65 |    75 ||   202
       Repelled          |       |       |       |     1 |     3 ||     4
Block: Buckler           |       |     3 |    12 |    17 |     9 ||    41
       Kite shield       |       |       |       |       |    17 ||    17
       Reflection        |       |       |       |       |     6 ||     6

Table legend: (Time is in decaauts)
 A = Elapsed time spent in this place.
 B = Non-inter-level travel time spent in this place.
 C = Inter-level travel time spent in this place.
 D = Time resting spent in this place.
 E = Time spent auto-exploring this place.
 F = Levels seen in this place.
 G = Mean time per level.
                   A        B        C        D        E       F      G
               +--------+--------+--------+--------+--------+-----+--------+
         Total |  17648 |  16626 |   1022 |   1021 |  12676 |  22 |  802.2 |
       Dungeon |  10413 |   9720 |    693 |    648 |   7527 |  11 |  946.6 |
        Temple |    156 |    139 |     17 |      0 |    134 |   1 |  156.0 |
          Lair |   5429 |   5127 |    302 |    133 |   4164 |   6 |  904.8 |
  Orcish Mines |    691 |    683 |      8 |     59 |    396 |   2 |  345.5 |
       Ossuary |    307 |    307 |      0 |      0 |    152 |   1 |  307.0 |
      Ice Cave |    649 |    649 |      0 |    181 |    303 |   1 |  649.0 |
               +--------+--------+--------+--------+--------+-----+--------+

Top non-repeatable levels by time:
     D:1: 1804 daAuts
     D:3: 1649 daAuts
     D:5: 1116 daAuts
     D:4: 1084 daAuts
  Lair:5: 1079 daAuts
  Lair:6: 1047 daAuts
     D:9: 990 daAuts
  Lair:4: 878 daAuts
     D:2: 858 daAuts
  Lair:1: 845 daAuts
  Lair:3: 817 daAuts
    D:10: 766 daAuts
  Lair:2: 762 daAuts
    D:11: 662 daAuts
   IceCv: 649 daAuts
